 Dungeon Crawl Stone Soup version 0.29-a0-330-g52719c12eb (webtiles) character file.

Game seed: 1992224524819790747

516 funkygono the Slasher (level 7, -1/61 HPs)
             Began as a Minotaur Berserker on May 28, 2022.
             Was a Priest of Trog.
             Engulfed by a steam dragon's steam (9 damage)
             ... on level 4 of the Dungeon.
             The game lasted 00:06:54 (4177 turns).

funkygono the Slasher (Minotaur Berserker)          Turns: 4177, Time: 00:06:54

Health: -1/61      AC:  7    Str: 24    XL:     7   Next: 0%
Magic:  6/6        EV: 11    Int:  4    God:    Trog [***...]
Gold:   222        SH:  0    Dex: 13    Spells: 6/6 levels left

rFire   . . .      SeeInvis .   a - +1 falchion
rCold   . . .      Faith    .   (no shield)
rNeg    . . .      Spirit   .   d - +0 scale mail
rPois   +          Reflect  .   (helmet restricted)
rElec   .          Harm     +   (no cloak)
rCorr   .          Rampage  .   (no gloves)
Will    .....                   (no boots)
Stlth   +.........              f - amulet "Bapp" {Acrobat Harm rPois Dex+4 Stlth+}
HPRegen 0.20/turn               j - +4 ring of slaying
MPRegen 0.10/turn               (no ring)

@: studying Stealth
A: horns 2, retaliatory headbutt
a: Renounce Religion, Berserk, Trog's Hand


You were on level 4 of the Dungeon.
You worshipped Trog.
Trog was most pleased with you.
You visited 1 branch of the dungeon, and saw 4 of its levels.

You collected 222 gold pieces.

Inventory:

Hand Weapons
 a - a +1 falchion (weapon)
 c - a +0 mace
Armour
 b - a +0 animal skin
 d - a +0 scale mail (worn)
Jewellery
 e - an amulet of the acrobat
 f - the amulet "Bapp" (around neck) {Acrobat Harm rPois Dex+4 Stlth+}
   (You found it on level 2 of the Dungeon)

   [amulet of the acrobat]

   It increases your evasion while moving and waiting.
   Dex:       It affects your dexterity (+4).
   rPois:     It protects you from poison.
   Harm:      It increases damage dealt and taken.
   Stlth:     It makes you more stealthy.
 j - a +4 ring of slaying (left hand)
Wands
 q - a wand of mindburst (15)
Scrolls
 h - 3 scrolls of teleportation
 i - a scroll of summoning
 o - 2 scrolls of identify
 r - a scroll of blinking {unknown}
Potions
 g - a potion of curing {unknown}
 k - a potion of flight
 l - 4 potions of haste
 m - a potion of mutation
 n - a potion of lignification
 p - 2 potions of might {unknown}


   Skills:
 + Level 5.3 Fighting
 + Level 7.0 Long Blades
 + Level 5.0 Armour
 + Level 3.1 Dodging
 + Level 0.6 Stealth


You had 6 spell levels left.
You didn't know any spells.
Your spell library was empty.

Dungeon Overview and Level Annotations

Branches:
Dungeon (4/15)
 Temple: D:4-7

Altars:
Ashenzari
Elyvilon
Makhleb

Shops:
D:1 !!?*


Innate Abilities, Weirdness & Mutations

You have a pair of horns on your head.
You reflexively headbutt those who attack you in melee.


Message History

The steam dragon hisses angrily.
The steam dragon breathes steam at you. The ball of steam misses you.
You are engulfed in a cloud of scalding steam.
You hit the steam dragon. Your headbutt misses the steam dragon.
The steam dragon is lightly wounded.
You are engulfed in a cloud of scalding steam.
The steam dragon closely misses you. x2
You closely miss the steam dragon.
The steam dragon is lightly wounded.
You are engulfed in a cloud of scalding steam.
The steam dragon bites you but does no damage.
The steam dragon claws you.
You closely miss the steam dragon.
The steam dragon is lightly wounded.
You are engulfed in a cloud of scalding steam.
The steam dragon closely misses you. x2
You hit the steam dragon but do no damage.
The steam dragon is lightly wounded.
You are engulfed in a cloud of scalding steam.
The steam dragon bites you. The steam dragon claws you.
You hit the steam dragon but do no damage.
The steam dragon is lightly wounded.
The steam dragon bites you.
The steam dragon claws you but does no damage.
You slash the steam dragon!
The steam dragon is moderately wounded.
The steam dragon breathes steam at you. The ball of steam hits you!!
* * * LOW HITPOINT WARNING * * *
You closely miss the steam dragon.
The steam dragon is moderately wounded.
You are engulfed in a cloud of scalding steam.
* * * LOW HITPOINT WARNING * * *
The steam dragon closely misses you. The steam dragon claws you.
* * * LOW HITPOINT WARNING * * *
You barely miss the steam dragon.
The steam dragon is moderately wounded.
You are engulfed in a cloud of scalding steam.
You die...

#.#
#.#
#.#
#.#
#.#
#.#
#D#
#@#
####§#
#.<.§#
#.####
#.# ..
#.# #.
#.# #.
#.# #.
#)# #.


You could see a steam dragon (catching breath).

Vanquished Creatures
  A scorpion (D:4)
  2 hounds
  A jelly (D:4)
  2 orc priests
  6 orc wizards
  5 adders
  An ufetubus (D:3)
  3 worms
  2 dart slugs
  12 orcs
  11 endoplasms
  A giant cockroach (D:2)
  5 goblins
  8 hobgoblins
  3 jackals
  2 quokkas (D:1)
  10 ball pythons
  3 bats
  3 frilled lizards
  8 kobolds
  7 rats
96 creatures vanquished.

Vanquished Creatures (others)
  A fungus (D:1)
1 creature vanquished.

Grand Total: 97 creatures vanquished

Notes
Turn   | Place    | Note
-------+----------+-------------------------------------------
     0 | D:1      | funkygono the Minotaur Berserker began the quest for the
                  | Orb.
     0 | D:1      | Reached XP level 1. HP: 19/19 MP: 0/0
    58 | D:1      | Found Edaoj's Distillery.
   116 | D:1      | Reached XP level 2. HP: 27/27 MP: 1/1
   165 | D:1      | Reached skill level 4 in Long Blades
   506 | D:1      | Found Fuiri's Distillery.
   723 | D:1      | Found Woizaig's Assorted Antiques.
   770 | D:1      | Reached ** piety under Trog
   778 | D:1      | Reached XP level 3. HP: 28/33 MP: 2/2
   892 | D:1      | Found Xioserin's Magic Scroll Emporium.
  1477 | D:1      | Identified a scroll of acquirement
  1477 | D:1      | Acquired a manual of Stealth
  1735 | D:2      | Identified the amulet "Bapp" {Acrobat Harm rPois Dex+4
                  | Stlth+}
  1863 | D:2      | Reached skill level 5 in Long Blades
  1863 | D:2      | Reached XP level 4. HP: 32/40 MP: 3/3
  1974 | D:2      | Found a broken altar of Ashenzari.
  2618 | D:2      | Reached XP level 5. HP: 47/47 MP: 4/4
  3065 | D:3      | Reached skill level 6 in Long Blades
  3077 | D:3      | Reached XP level 6. HP: 14/55 MP: 5/5
  3349 | D:3      | Found a white marble altar of Elyvilon.
  3376 | D:3      | Found a burning altar of Makhleb.
  3923 | D:4      | Reached *** piety under Trog
  3996 | D:4      | Reached skill level 5 in Fighting
  4147 | D:4      | Reached skill level 5 in Armour
  4147 | D:4      | Reached XP level 7. HP: 61/61 MP: 6/6
  4149 | D:4      | Reached skill level 7 in Long Blades
  4167 | D:4      | Noticed a steam dragon
  4177 | D:4      | Engulfed by a steam dragon's steam

Illustrated notes

Levels and vault maps discovered:
D:1:      lemuel_arrival_muddy, layout_loops_ring, serial_shops, shop,
          shop_coins, nicolae_diamond_shop, nicolae_shop_window_shopping
D:2:      layout_loops_corners, basic_altar
D:3:      layout_basic, marbit_many_paths, lemuel_crystal_altar, minivault_19,
          grunt_decor_resistance, nicolae_elevator_lobby_asterisk
D:4:      layout_loops_ring, general_overflow_altar, dreamdust_princess_bridge

Skill      XL: |  1  2  3  4  5  6  7 |
---------------+----------------------+-----
Fighting       | 4 5 |  5.3
Long Blades    | 4 5 6 7 |  7.0
Armour         | 3 4 5 |  5.0
Dodging        | 3 |  3.1
Stealth        | |  0.6

Action                   |  1- 3 |  4- 6 |  7- 9 || total
-------------------------+-------+-------+-------++-------
Melee: Falchion          |   108 |    97 |     9 ||   214
       Headbutt          |     7 |    18 |       ||    25
       Punch             |       |     1 |       ||     1
Invok: Berserk           |     1 |     4 |       ||     5
       Trog's Hand       |       |     1 |       ||     1
  Use: Scroll            |     5 |     7 |       ||    12
Armor: Scale mail        |    38 |    45 |     3 ||    86
Dodge: Dodged            |    67 |    61 |     7 ||   135

Table legend: (Time is in decaauts)
 A = Elapsed time spent in this place.
 B = Non-inter-level travel time spent in this place.
 C = Inter-level travel time spent in this place.
 D = Time resting spent in this place.
 E = Time spent auto-exploring this place.
 F = Levels seen in this place.
 G = Mean time per level.
                   A        B        C        D        E       F      G
               +--------+--------+--------+--------+--------+-----+--------+
         Total |   4239 |   4056 |    183 |      0 |   3333 |   4 | 1059.8 |
       Dungeon |   4239 |   4056 |    183 |      0 |   3333 |   4 | 1059.8 |
               +--------+--------+--------+--------+--------+-----+--------+

Top non-repeatable levels by time:
     D:1: 1574 daAuts
     D:2: 1141 daAuts
     D:3: 1097 daAuts
     D:4: 426 daAuts
